PAA
MINNESOTA LOONS @ CHESAPEAKE CONTINENTALS
07/20/2034
 
TOP OF THE 1ST
Minnesota Loons batting - Pitching for Chesapeake Continentals : RHP Tex Fountas
Pitching: RHP Tex Fountas
Batting: SHB Esteban Piñeiro 0-0: Called Strike
0-1: Ball
1-1: Swinging Strike
1-2: Strikes out swinging
Batting: LHB Sergio Cruz 0-0: Called Strike
0-1: Called Strike
0-2: Ball
1-2: Fly out, F7 (Flyball, 7)
Batting: LHB Kevin de Bruyne 0-0: Swinging Strike
0-1: Ball
1-1: Ball
2-1: Foul Ball, location: 2F
2-2: Foul Ball, location: 2F
2-2: Ball
3-2: Strikes out swinging
Top of the 1st over - 0 runs, 0 hits, 0 errors, 0 left on base; Minnesota 0 - Chesapeake 0
BOTTOM OF THE 1ST
Chesapeake Continentals batting - Pitching for Minnesota Loons : LHP Ids Knegt
Pitching: LHP Ids Knegt
Batting: RHB Tony Calhoun 0-0: Ball
1-0: Ground out 1-3 (Groundball, 15S)
Batting: RHB Phil Oostermeer 0-0: Ball
1-0: Swinging Strike
1-1: Called Strike
1-2: Ball
2-2: Ball
3-2: Foul Ball, location: 2F
3-2: Foul Ball, location: 2F
3-2: Ground out 6-3 (Groundball, 6S)
Batting: RHB Santiago Valentín 0-0: Ground out 5-3 (Groundball, 56S)
Bottom of the 1st over - 0 runs, 0 hits, 0 errors, 0 left on base; Minnesota 0 - Chesapeake 0
TOP OF THE 2ND
Minnesota Loons batting - Pitching for Chesapeake Continentals : RHP Tex Fountas
Batting: LHB José Román 0-0: Foul Ball, location: 2F
0-1: Ball
1-1: Ground out 4-3 (Groundball, 4)
Batting: RHB Augusto Manuel 0-0: Ball
1-0: Ball
2-0: Called Strike
2-1: Called Strike
2-2: Ball
3-2: Foul Ball, location: 2F
3-2: Foul Ball, location: 2F
3-2: Strikes out swinging
Batting: LHB Bill Bean 0-0: Foul Ball, location: 2F
0-1: Ball
1-1: Foul Ball, location: 2F
1-2: Ball
2-2: Ball
3-2: Base on Balls
Batting: RHB Oliver Villalva 0-0: Ball
1-0: Swinging Strike
1-1: Foul Ball, location: 2F
1-2: Ball
2-2: Strikes out swinging
Top of the 2nd over - 0 runs, 0 hits, 0 errors, 1 left on base; Minnesota 0 - Chesapeake 0
BOTTOM OF THE 2ND
Chesapeake Continentals batting - Pitching for Minnesota Loons : LHP Ids Knegt
Batting: RHB Gil Andersen 0-0: Called Strike
0-1: Ball
1-1: Foul Ball, location: 2F
1-2: Strikes out swinging
Batting: LHB Raphaël Duval 0-0: Ball
1-0: Swinging Strike
1-1: Ball
2-1: Ball
3-1: Swinging Strike
3-2: Base on Balls
Batting: RHB Nick Bechtel 0-0: Ball
1-0: Fly out, F8 (Flyball, 8LD)
Batting: RHB Manuel Ángel 0-0: Called Strike
0-1: Ball
1-1: Swinging Strike
1-2: Strikes out swinging
Bottom of the 2nd over - 0 runs, 0 hits, 0 errors, 1 left on base; Minnesota 0 - Chesapeake 0
TOP OF THE 3RD
Minnesota Loons batting - Pitching for Chesapeake Continentals : RHP Tex Fountas
Batting: LHB Atro Jarvilehto 0-0: Called Strike
0-1: SINGLE (Groundball, 34) (infield hit)
Batting: RHB Tabor Muzquiz 0-0: Called Strike
0-1: Called Strike
0-2: Strikes out looking
Batting: SHB Esteban Piñeiro 0-0: Ball
1-0: Ball
2-0: Ball
3-0: Foul Ball, location: 2F
3-1: SINGLE (Flyball, 89S)
Atro Jarvilehto to second
Batting: LHB Sergio Cruz 0-0: Ball
1-0: Swinging Strike
1-1: Foul Ball, location: 2F
1-2: Foul Ball, location: 2F
1-2: Single, Error in OF, E9, batter to second base
Atro Jarvilehto scores
Esteban Piñeiro to third
Batting: LHB Kevin de Bruyne 0-0: Ball
1-0: Fly out, F2 (Popup, 23F)
Batting: LHB José Román 0-0: Ball
1-0: Called Strike
1-1: Ball
2-1: Ball
3-1: Fly out, F9 (Line Drive, 9S)
Top of the 3rd over - 1 run, 3 hits, 1 error, 2 left on base; Minnesota 1 - Chesapeake 0
BOTTOM OF THE 3RD
Chesapeake Continentals batting - Pitching for Minnesota Loons : LHP Ids Knegt
Batting: RHB Mark Sawyer 0-0: Ball
1-0: Called Strike
1-1: Ball
2-1: Called Strike
2-2: Ground out 4-3 (Groundball, 4)
Batting: RHB Shou-chien Luo 0-0: SOLO HOME RUN (Flyball, 9LD), Distance : 337 ft
Batting: RHB Tony Calhoun 0-0: Called Strike
0-1: Fly out, F4 (Popup, 4M)
Batting: RHB Phil Oostermeer 0-0: Swinging Strike
0-1: SINGLE (Line Drive, 9S)
Batting: RHB Santiago Valentín 0-0: Called Strike
0-1: Ball
1-1: Called Strike
1-2: Fielders Choice at 2nd, 6-4 (Groundball, 6)
Bottom of the 3rd over - 1 run, 2 hits, 0 errors, 1 left on base; Minnesota 1 - Chesapeake 1
TOP OF THE 4TH
Minnesota Loons batting - Pitching for Chesapeake Continentals : RHP Tex Fountas
Batting: RHB Augusto Manuel 0-0: Ball
1-0: Ball
2-0: SINGLE (Line Drive, 8LS)
Batting: LHB Bill Bean 0-0: Ball
1-0: Ball
2-0: Called Strike
2-1: Called Strike
2-2: Ball
3-2: Foul Ball, location: 2F
3-2: Grounds into double play, 5-4-3 (Groundball, 5)
Batting: RHB Oliver Villalva 0-0: Called Strike
0-1: Foul Ball, location: 2F
0-2: SINGLE (Groundball, 56) (infield hit)
Batting: LHB Atro Jarvilehto 0-0: Foul Ball, location: 2F
0-1: Ball
1-1: Foul Ball, location: 2F
1-2: Fly out, F9 (Flyball, 89M)
Top of the 4th over - 0 runs, 2 hits, 0 errors, 1 left on base; Minnesota 1 - Chesapeake 1
BOTTOM OF THE 4TH
Chesapeake Continentals batting - Pitching for Minnesota Loons : LHP Ids Knegt
Batting: RHB Gil Andersen 0-0: Called Strike
0-1: Ball
1-1: Fly out, F5 (Line Drive, 56)
Batting: LHB Raphaël Duval 0-0: Ball
1-0: Ball
2-0: SINGLE (Flyball, 8RS)
Batting: RHB Nick Bechtel 0-0: Called Strike
0-1: Ball
1-1: Called Strike
1-2: Ball
2-2: Ball
3-2: Strikes out swinging
Batting: RHB Manuel Ángel 0-0: Fly out, F8 (Flyball, 8LXD)
Bottom of the 4th over - 0 runs, 1 hit, 0 errors, 1 left on base; Minnesota 1 - Chesapeake 1
TOP OF THE 5TH
Minnesota Loons batting - Pitching for Chesapeake Continentals : RHP Tex Fountas
Batting: RHB Tabor Muzquiz 0-0: Ball
1-0: Called Strike
1-1: Ball
2-1: Foul Ball, location: 2F
2-2: Ball
3-2: Ground out 6-3 (Groundball, 6)
Batting: SHB Esteban Piñeiro 0-0: Swinging Strike
0-1: Ball
1-1: Ball
2-1: Swinging Strike
2-2: Strikes out swinging, 2-3 out at first.
Batting: LHB Sergio Cruz 0-0: Ball
1-0: Called Strike
1-1: Ball
2-1: Foul Ball, location: 2F
2-2: Ball
3-2: Ground out U3 (Groundball, 3)
Top of the 5th over - 0 runs, 0 hits, 0 errors, 0 left on base; Minnesota 1 - Chesapeake 1
BOTTOM OF THE 5TH
Chesapeake Continentals batting - Pitching for Minnesota Loons : LHP Ids Knegt
Batting: RHB Mark Sawyer 0-0: Ball
1-0: Foul Ball, location: 2F
1-1: Foul Ball, location: 2F
1-2: Ball
2-2: Foul Ball, location: 2F
2-2: Ball
3-2: Base on Balls
Batting: RHB Shou-chien Luo 0-0: Sac Bunt - play at first, batter OUT! 3-4
Mark Sawyer to second
Batting: RHB Tony Calhoun 0-0: Ball
1-0: Ball
2-0: SINGLE (Line Drive, 5D)
Mark Sawyer to third
Batting: RHB Phil Oostermeer 0-0: Ball
1-0: Fly out, F4 (Line Drive, 4M)
Lined into DP, 4-5 (Line Drive, 4M)
Bottom of the 5th over - 0 runs, 1 hit, 0 errors, 1 left on base; Minnesota 1 - Chesapeake 1
TOP OF THE 6TH
Minnesota Loons batting - Pitching for Chesapeake Continentals : RHP Tex Fountas
Batting: LHB Kevin de Bruyne 0-0: Fly out, F9 (Flyball, 9LDF)
Batting: LHB José Román 0-0: SINGLE (Flyball, 9S)
Batting: RHB Augusto Manuel 0-0: Ball
1-0: Fly out, F3 (Popup, 34)
Batting: LHB Bill Bean 0-0: Ball
1-0: Called Strike
1-1: Foul Ball, location: 2F
1-2: Foul Ball, location: 2F
1-2: Ball
2-2: Strikes out looking
Top of the 6th over - 0 runs, 1 hit, 0 errors, 1 left on base; Minnesota 1 - Chesapeake 1
BOTTOM OF THE 6TH
Chesapeake Continentals batting - Pitching for Minnesota Loons : LHP Ids Knegt
Batting: RHB Santiago Valentín 0-0: Foul Ball, location: 2F
0-1: Swinging Strike
0-2: Ground out 6-3 (Groundball, 6)
Batting: RHB Gil Andersen 0-0: Called Strike
0-1: SINGLE (Groundball, 56D)
Batting: LHB Raphaël Duval 0-0: Ball
1-0: Ball
2-0: Called Strike
2-1: Foul Ball, location: 2F
2-2: Ball
3-2: Foul Ball, location: 2F
3-2: Base on Balls
Gil Andersen to second
Batting: RHB Nick Bechtel 0-0: Called Strike
0-1: Ball
1-1: Swinging Strike
1-2: SINGLE (Groundball, 6MD)
Gil Andersen to third
Raphaël Duval to second
Runner from 3rd tries for Home, SAFE, no throw
Batting: RHB Manuel Ángel 0-0: Ball
1-0: Ball
2-0: Fly out, F5 (Line Drive, 5)
Batting: RHB Mark Sawyer 0-0: Foul Ball, location: 2F
0-1: Ball
Wild Pitch!
Raphaël Duval to third
Nick Bechtel to second
1-1: Ball
2-1: Foul Ball, location: 2F
2-2: Strikes out swinging
Bottom of the 6th over - 1 run, 2 hits, 0 errors, 2 left on base; Minnesota 1 - Chesapeake 2
TOP OF THE 7TH
Minnesota Loons batting - Pitching for Chesapeake Continentals : RHP Tex Fountas
Pitching: LHP Nicolas Michel
Batting: RHB Oliver Villalva 0-0: Ball
1-0: Swinging Strike
1-1: Called Strike
1-2: Foul Ball, location: 2F
1-2: Ball
2-2: Strikes out looking
Batting: LHB Atro Jarvilehto 0-0: Ground out 5-3 (Groundball, 5L)
Batting: RHB Tabor Muzquiz 0-0: Foul Ball, location: 2F
0-1: Ball
1-1: Called Strike
1-2: Ball
2-2: Fly out, F3 (Flyball, 3D)
Top of the 7th over - 0 runs, 0 hits, 0 errors, 0 left on base; Minnesota 1 - Chesapeake 2
BOTTOM OF THE 7TH
Chesapeake Continentals batting - Pitching for Minnesota Loons : LHP Ids Knegt
Batting: RHB Shou-chien Luo 0-0: Called Strike
0-1: Swinging Strike
0-2: Ground out 4-3 (Groundball, 4S)
Batting: RHB Tony Calhoun 0-0: Ball
1-0: Foul Ball, location: 2F
1-1: Ground out 6-3 (Groundball, 6M)
Batting: RHB Phil Oostermeer 0-0: Ball
1-0: Ball
2-0: Ball
3-0: Base on Balls
Pitching: RHP Ainanani Oliwa
Batting: RHB Santiago Valentín 0-0: Called Strike
0-1: Ball
1-1: Ball
2-1: Foul Ball, location: 2F
2-2: Strikes out looking
Bottom of the 7th over - 0 runs, 0 hits, 0 errors, 1 left on base; Minnesota 1 - Chesapeake 2
TOP OF THE 8TH
Minnesota Loons batting - Pitching for Chesapeake Continentals : LHP Nicolas Michel
Batting: SHB Esteban Piñeiro 0-0: Foul Ball, location: 2F
0-1: Swinging Strike
0-2: Fly out, F9 (Flyball, 89D)
Batting: LHB Sergio Cruz 0-0: Called Strike
0-1: Ball
1-1: Ball
2-1: Ball
3-1: Base on Balls
Batting: LHB Kevin de Bruyne 0-0: Swinging Strike
0-1: Swinging Strike
0-2: Ball
1-2: Strikes out swinging
Batting: LHB José Román 0-0: Foul Ball, location: 2F
0-1: Ball
1-1: Reached on error, E4 (Groundball, 34)
Sergio Cruz to second
Batting: RHB Augusto Manuel 0-0: Ground out 1-3 (Groundball, P)
Top of the 8th over - 0 runs, 0 hits, 1 error, 2 left on base; Minnesota 1 - Chesapeake 2
BOTTOM OF THE 8TH
Chesapeake Continentals batting - Pitching for Minnesota Loons : RHP Ainanani Oliwa
Batting: RHB Gil Andersen 0-0: Ball
1-0: Ball
2-0: Ground out 5-3 (Groundball, 56S)
Batting: LHB Raphaël Duval 0-0: Ball
1-0: Swinging Strike
1-1: Foul Ball, location: 2F
1-2: Ball
2-2: Strikes out looking
Batting: RHB Nick Bechtel 0-0: Ball
1-0: Called Strike
1-1: Ball
2-1: SINGLE (Line Drive, 8LS)
Batting: RHB Manuel Ángel 0-0: Called Strike
0-1: Foul Ball, location: 2F
0-2: Ball
1-2: Foul Ball, location: 2F
1-2: Ball
2-2: DOUBLE (Flyball, 89XD)
Nick Bechtel to third
Runner from 3rd tries for Home, SAFE, no throw
Batting: RHB Mark Sawyer 0-0: Called Strike
0-1: Foul Ball, location: 2F
0-2: Ball
1-2: Foul Ball, location: 2F
1-2: Ball
2-2: Ball
3-2: Foul Ball, location: 2F
3-2: Base on Balls
Batting: RHB Shou-chien Luo 0-0: Foul Ball, location: 2F
0-1: Foul Ball, location: 2F
0-2: Fly out, F8 (Flyball, 8LXD)
Bottom of the 8th over - 1 run, 2 hits, 0 errors, 2 left on base; Minnesota 1 - Chesapeake 3
TOP OF THE 9TH
Minnesota Loons batting - Pitching for Chesapeake Continentals : LHP Nicolas Michel
Pitching: RHP Tom King
Now in CF: Román Sánchez
Batting: LHB Bill Bean 0-0: Ball
1-0: Ball
2-0: Called Strike
2-1: Called Strike
2-2: Ball
3-2: Foul Ball, location: 2F
3-2: Base on Balls
Batting: RHB Oliver Villalva 0-0: Fly out, F3 (Popup, 34S)
Batting: LHB Atro Jarvilehto 0-0: Ball
1-0: Ball
2-0: Fly out, F7 (Flyball, 78M)
Batting: RHB Tabor Muzquiz 0-0: Called Strike
0-1: Ball
1-1: DOUBLE (Flyball, 78D)
Bill Bean to third
Batting: SHB Esteban Piñeiro 0-0: Ball
1-0: Foul Ball, location: 2F
1-1: Called Strike
1-2: Ball
2-2: Ball
3-2: Foul Ball, location: 2F
3-2: Foul Ball, location: 2F
3-2: 3-RUN HOME RUN (Flyball, 9D), Distance : 372 ft
Pitching: RHP Kent Randall
Batting: LHB Sergio Cruz 0-0: Ball
1-0: SINGLE (Groundball, 34) (infield hit)
Batting: LHB Kevin de Bruyne 0-0: Called Strike
Sergio Cruz is caught stealing 2nd base
Top of the 9th over - 3 runs, 3 hits, 0 errors, 0 left on base; Minnesota 4 - Chesapeake 3
BOTTOM OF THE 9TH
Chesapeake Continentals batting - Pitching for Minnesota Loons : RHP Ainanani Oliwa
Now at 1B: Leonardo Medina
Batting: RHB Tony Calhoun 0-0: Ball
1-0: Ball
2-0: Ball
3-0: Foul Ball, location: 2F
3-1: SINGLE (Groundball, 6MD)
Batting: RHB Phil Oostermeer 0-0: Ball
1-0: Ball
2-0: Fly out, F9 (Line Drive, 9)
Batting: RHB Santiago Valentín 0-0: Ball
1-0: Called Strike
1-1: Ball
2-1: Foul Ball, location: 2F
Balk!
Tony Calhoun to second
2-2: DOUBLE (Line Drive, 7LS)
Tony Calhoun scores
Pinch Hitting: SHB Bernie Nutall 0-0: Fly out, F7 (Flyball, 78D)
Batting: LHB Raphaël Duval 0-0: Ball
1-0: Swinging Strike
1-1: Foul Ball, location: 2F
1-2: Ball
2-2: Strikes out swinging
Bottom of the 9th over - 1 run, 2 hits, 0 errors, 1 left on base; Minnesota 4 - Chesapeake 4
TOP OF THE 10TH
Minnesota Loons batting - Pitching for Chesapeake Continentals : RHP Kent Randall
Now in LF: Bernie Nutall
Batting: LHB Kevin de Bruyne 0-0: Ground out 4-3 (Groundball, 3D)
Batting: LHB José Román 0-0: Ball
1-0: Called Strike
1-1: Foul Ball, location: 2F
1-2: Ball
2-2: Ball
3-2: Fly out, F9 (Flyball, 9S)
Batting: RHB Augusto Manuel 0-0: Ball
1-0: Swinging Strike
1-1: Ball
2-1: SINGLE (Flyball, 7LS)
Batting: RHB Leonardo Medina 0-0: Called Strike
0-1: 2-RUN HOME RUN (Flyball, 7LD), Distance : 377 ft
Pitching: LHP Morgan Beckwith
Batting: RHB Oliver Villalva 0-0: Ball
1-0: Ball
2-0: Reached on error, E6 (Groundball, 6)
Batting: LHB Atro Jarvilehto 0-0: Ball
1-0: Ball
2-0: Foul Ball, location: 2F
2-1: Swinging Strike
2-2: Foul Ball, location: 2F
2-2: Foul Ball, location: 2F
2-2: SINGLE (Flyball, 8LS)
Oliver Villalva to second
Runner from 2nd tries for 3rd, SAFE, no throw
Batting: RHB Tabor Muzquiz 0-0: Called Strike
0-1: Ball
1-1: Fly out, F6 (Popup, 6MS)
Top of the 10th over - 2 runs, 3 hits, 1 error, 2 left on base; Minnesota 6 - Chesapeake 4
BOTTOM OF THE 10TH
Chesapeake Continentals batting - Pitching for Minnesota Loons : RHP Ainanani Oliwa
Batting: RHB Nick Bechtel 0-0: Ground out 5-3 (Groundball, 5)
Batting: RHB Manuel Ángel 0-0: Ground out 4-3 (Groundball, 4M)
Batting: RHB Mark Sawyer 0-0: Swinging Strike
0-1: Swinging Strike
0-2: Ball
1-2: Ball
2-2: Ball
3-2: Strikes out looking
Bottom of the 10th over - 0 runs, 0 hits, 0 errors, 0 left on base; Minnesota 6 - Chesapeake 4
Friday, March 29th, 2019 - OOTP Baseball 18.8 Build 76